[Event "Titled Tuesday Blitz January 31 Early 2023"]
[White "Korobov, Anton"]
[Black "Klekowski, Maciej"]
[WhiteFideId "14105730"]
[BlackFideId "1132717"]
[WhiteElo "2664"]
[BlackElo "2477"]
[Result "1-0"]
[Round "05"]
[TimeControl "180+2"]
[Date "2023.01.31"]
[WhiteClock "0:00:19"]
[BlackClock "0:00:06"]

1. d4 d6 2. c4 g6 3. Nc3 Bg7 4. Nf3 Nd7 5. e4 e5 6. Be2 Ne7 7. Be3 O-O 8. O-O Nc6 9. d5 Ne7 10. Ne1 f5 11. f3 f4 12. Bf2 g5 13. Nd3 b6 14. g4 fxg3 15. hxg3 Ng6 16. Kg2 h5 17. Qd2 h4 18. Be3 Bf6 19. f4 gxf4 20. gxf4 exf4 21. Nxf4 Nxf4+ 22. Rxf4 Ne5 23. Raf1 Bd7 24. Kh2 Bg7 25. Rxf8+ Bxf8 26. Bg5 Qe8 27. Bf6 Kh7 28. Qg5 Bh6 29. Qxh4 Ng6 30. Qh5 Nf4 31. Qxe8 Rxe8 32. Bf3 Rf8 33. Bd4 Nd3 34. b3 Bf4+ 35. Kh1 Be5 36. Bxe5 Nxe5 37. Be2 Rxf1+ 38. Bxf1 a5 39. Kg2 Kg6 40. Kf2 Kg5 41. Ke3 Kf6 42. a3 Be8 43. Be2 Bd7 44. b4 axb4 45. axb4 Be8 46. Kd4 Bd7 47. c5 bxc5+ 48. bxc5 Ke7 49. c6 Bc8 50. Nd1 Bh3 51. Ne3 Kd8 52. Bf1 Bc8 53. Ng2 Bh3 54. Ne3 Bc8 55. Be2 Ke7 56. Ng2 Bh3 57. Nf4 Bc8 58. Bf1 Nf3+ 59. Ke3 Ne5 60. Bh3 Bxh3 61. Nxh3 Kd8 62. Nf4 Kc8 63. Ne6 Nc4+ 64. Kf4 Ne5 65. Kf5 Nd3 66. Kf6 Ne5 67. Ng5 Kd8 68. Nf7+ 1-0


[Site "https://www.chess.com"]

[Event "Titled Tuesday Blitz January 31 Early 2023"]
[White "Svane, Rasmus"]
[Black "Ioannidis, Evgenios"]
[WhiteFideId "4657101"]
[BlackFideId "4229274"]
[WhiteElo "2623"]
[BlackElo "2467"]
[Result "0-1"]
[Round "05"]
[TimeControl "180+2"]
[Date "2023.01.31"]
[WhiteClock "0:00:32"]
[BlackClock "0:00:20"]

1. Nf3 d5 2. g3 g6 3. Bg2 Bg7 4. d4 c6 5. O-O Nf6 6. c4 dxc4 7. a4 Ne4 8. Qc2 Nd6 9. e4 Na6 10. Na3 Nb4 11. Qe2 O-O 12. Rd1 Bg4 13. h3 Bxf3 14. Bxf3 Nd3 15. Be3 e5 16. dxe5 Bxe5 17. Rab1 Qf6 18. b3 Nb2 19. Rxb2 Bxb2 20. Rxd6 Qxd6 21. Qxb2 c3 22. Qc1 Qb4 23. Nb1 Qxb3 24. Nxc3 Rfd8 25. Bg5 Rd3 26. Qf4 Qxc3 27. Bg4 Re8 28. h4 Qe5 29. Qc1 Qxe4 30. Qc2 Rxg3+ 0-1


[Site "https://www.chess.com"]

[Event "Titled Tuesday Blitz January 31 Early 2023"]
[White "Wieczorek, Oskar"]
[Black "Praggnanandhaa R"]
[WhiteFideId "1133950"]
[BlackFideId "25059530"]
[WhiteElo "2512"]
[BlackElo "2688"]
[Result "1-0"]
[Round "05"]
[TimeControl "180+2"]
[Date "2023.01.31"]
[WhiteClock "0:00:09"]
[BlackClock "0:00:26"]

1. e4 c6 2. d4 d5 3. Nd2 dxe4 4. Nxe4 Bf5 5. Ng3 Bg6 6. c3 Nd7 7. Nh3 h6 8. Nf4 Bh7 9. Bc4 e6 10. O-O Ngf6 11. Ngh5 Nxh5 12. Qxh5 Nf6 13. Qe2 Bd6 14. Re1 O-O 15. Nh5 Nxh5 16. Qxh5 Bg6 17. Qg4 Bf5 18. Qf3 Qh4 19. g3 Qf6 20. Bd3 Bxd3 21. Qxd3 a5 22. a4 Rfd8 23. Qe4 Bc7 24. Be3 Rd5 25. c4 Rd7 26. Rad1 Rad8 27. Rd3 Qe7 28. Red1 Qb4 29. b3 Bb6 30. h4 Ba7 31. h5 Bb8 32. Kg2 Qe7 33. Qf3 Ba7 34. Qe4 f5 35. Qf3 Qf7 36. d5 e5 37. R3d2 Bxe3 38. Qxe3 cxd5 39. Qxe5 dxc4 40. Rxd7 Rxd7 41. Rxd7 Qxd7 42. bxc4 b6 43. Qd5+ Qxd5+ 44. cxd5 Kf7 45. Kf3 Ke7 46. Ke3 Kd6 47. Kd4 Kd7 48. Kc4 Kd6 49. Kb5 Kxd5 50. Kxb6 Kd6 51. Kxa5 Kc5 52. Ka6 Kc6 53. a5 Kc7 54. Kb5 Kb7 55. Kc5 Ka7 56. Kd5 1-0


[Site "https://www.chess.com"]

[Event "Titled Tuesday Blitz January 31 Early 2023"]
[White "Aradhya, Garg"]
[Black "Dominguez Perez, Leinier"]
[WhiteFideId "25006746"]
[BlackFideId "3503240"]
[WhiteElo "2284"]
[BlackElo "2739"]
[Result "0-1"]
[Round "05"]
[TimeControl "180+2"]
[Date "2023.01.31"]
[WhiteClock "0:00:07"]
[BlackClock "0:00:06"]

1. d4 d5 2. c4 dxc4 3. Nf3 c6 4. e3 Be6 5. Nbd2 Nf6 6. Bxc4 Bxc4 7. Nxc4 e6 8. O-O Qd5 9. Qe2 Nbd7 10. b3 Be7 11. Bb2 O-O 12. Rac1 a5 13. Nfe5 a4 14. e4 Qb5 15. Rc3 Rfd8 16. Nxd7 Rxd7 17. Rg3 axb3 18. axb3 Ra2 19. Qe3 Qh5 20. h3 b5 21. Ne5 Rxb2 22. Nxd7 Nxd7 23. Qc3 Re2 24. Qxc6 Nf8 25. d5 exd5 26. exd5 Rd2 27. Re1 Rd1 28. Re3 Bg5 29. Re8 Rxe1+ 30. Rxe1 Bd2 31. Re8 Qd1+ 32. Kh2 Bb4 33. Qxb5 Qd4 34. Rd8 Be7 35. Qe8 Bxd8 36. Qxd8 Qxf2 37. d6 Qf4+ 38. Kg1 Qe3+ 39. Kh2 Qxb3 40. Qe7 Qd5 41. h4 h5 42. Qd8 g6 43. Qe7 Qe6 44. Qd8 Kg7 45. Qb6 Qe5+ 46. Kg1 Nd7 47. Qb4 Qd5 0-1


[Site "https://www.chess.com"]

[Event "Titled Tuesday Blitz January 31 Early 2023"]
[White "Wagh Suyog"]
[Black "Timofeev, Artyom"]
[WhiteFideId "25071688"]
[BlackFideId "4140419"]
[WhiteElo "2313"]
[BlackElo "2567"]
[Result "0-1"]
[Round "05"]
[TimeControl "180+2"]
[Date "2023.01.31"]
[WhiteClock "0:00:03"]
[BlackClock "0:00:38"]

1. d4 d5 2. c4 e6 3. Nc3 c6 4. e4 Bb4 5. cxd5 exd5 6. e5 Ne7 7. Bd3 Bf5 8. Ne2 O-O 9. O-O Nd7 10. a3 Bxc3 11. bxc3 f6 12. exf6 Nxf6 13. Ng3 Bxd3 14. Qxd3 Qd7 15. a4 Rfe8 16. a5 Ng6 17. a6 b6 18. f3 c5 19. Bg5 c4 20. Qf5 Ne7 21. Qf4 Ng6 22. Qf5 Ne7 23. Qc2 Rf8 24. Rfe1 Rae8 25. Re5 Nc6 26. Rxe8 Nxe8 27. Qa4 Nd6 28. Re1 b5 29. Qa3 h6 30. Bc1 b4 31. cxb4 Nxd4 32. Qb2 N4b5 33. Qe5 Qf7 34. Rd1 d4 35. Qc5 Rc8 36. Qe5 d3 37. Ne4 Re8 38. Nxd6 Rxe5 39. Nxf7 Kxf7 40. Kf2 Re2+ 41. Kg3 Ra2 42. Kf4 Rxa6 43. Ke5 Re6+ 44. Kf5 Re2 0-1


[Site "https://www.chess.com"]

[Event "Titled Tuesday Blitz January 31 Early 2023"]
[White "Nazari, Arad"]
[Black "Svane, Frederik"]
[WhiteFideId "12577324"]
[BlackFideId "12923044"]
[WhiteElo "2367"]
[BlackElo "2600"]
[Result "0-1"]
[Round "05"]
[TimeControl "180+2"]
[Date "2023.01.31"]
[WhiteClock "0:00:05"]
[BlackClock "0:00:06"]

1. e4 e5 2. f4 d5 3. exd5 exf4 4. Nf3 Nf6 5. Bb5+ c6 6. dxc6 Nxc6 7. Nc3 Bd6 8. Qe2+ Be6 9. Nd4 O-O 10. Nxe6 fxe6 11. Bxc6 bxc6 12. b3 e5 13. Bb2 Qd7 14. Qc4+ Kh8 15. O-O-O Rae8 16. Rde1 Bb8 17. h3 a5 18. Re2 Nh5 19. Ne4 f3 20. gxf3 Rxf3 21. Rhe1 Nf4 22. Re3 Rxe3 23. Rxe3 Nxh3 24. Bc3 h6 25. Rf3 Nf4 26. Bxa5 Qd5 27. Bb6 Rf8 28. Kb1 g5 29. a4 g4 30. Rf1 h5 31. Rh1 Qxc4 32. bxc4 Rf7 33. a5 Kg7 34. a6 Kg6 35. Kb2 Ba7 36. c5 Nd5 37. c4 Nxb6 38. cxb6 Bxb6 39. Kc2 Bd4 40. Rb1 Ra7 41. Rf1 Rxa6 42. Rf6+ Kg7 43. Rf5 Ra2+ 44. Kd3 Ra3+ 45. Ke2 Rh3 46. Rg5+ Kf7 47. Rf5+ Ke6 48. Rf6+ Kd7 49. Rd6+ Kc7 50. Rh6 g3 51. Kf3 h4 52. c5 Rh2 53. Rh7+ Kb8 54. Rg7 Rh1 55. Kg2 Rh2+ 56. Kf3 Rh1 57. Kg2 Re1 58. Kf3 Rf1+ 59. Kg2 Rf4 60. d3 Rf8 61. Rh7 Rf4 62. Rg7 Bf2 63. Rh7 Be3 64. Kh3 Rf1 65. Kg2 Rg1+ 66. Kf3 Rh1 67. Kg2 Rh2+ 68. Kf3 g2 69. Rh8+ Ka7 70. Rh7+ Ka6 71. Rh8 g1=Q 0-1


[Site "https://www.chess.com"]

[Event "Titled Tuesday Blitz January 31 Early 2023"]
[White "Mitrabha, Guha"]
[Black "Sattarov, Bobir"]
[WhiteFideId "5057000"]
[BlackFideId "14203081"]
[WhiteElo "2507"]
[BlackElo "2366"]
[Result "0-1"]
[Round "05"]
[TimeControl "180+2"]
[Date "2023.01.31"]
[WhiteClock "0:00:13"]
[BlackClock "0:00:02"]

1. c4 Nf6 2. Nc3 g6 3. g3 Bg7 4. Bg2 O-O 5. d4 d6 6. Nf3 Nc6 7. O-O Bg4 8. d5 Na5 9. b3 c5 10. Bd2 a6 11. e4 Rb8 12. Qe1 b5 13. e5 Nd7 14. Nxb5 Nxc4 15. bxc4 axb5 16. e6 Bxf3 17. Bxf3 Ne5 18. exf7+ Rxf7 19. Bg2 Nxc4 20. Bc3 Bxc3 21. Qxc3 Qa5 22. Qd3 Ne5 23. Qe2 c4 24. Bh3 Kf8 25. Be6 Rf6 26. f4 Qa7+ 27. Kh1 Nd3 28. f5 Kg7 29. g4 g5 30. Rf3 h6 31. h4 Qd4 32. Rg1 Ra8 33. Qh2 Qe5 34. Qd2 Qe4 35. Rg3 Ne5 36. hxg5 Nxf3 37. gxf6+ exf6 38. Qf2 Ra3 39. Qb6 Nh4+ 40. Kh2 Qe2+ 41. Kh1 Qe1+ 42. Rg1 Rh3# 0-1


[Site "https://www.chess.com"]

[Event "Titled Tuesday Blitz January 31 Early 2023"]
[White "Fernandez Guillen, Ernesto J."]
[Black "Oparin, Grigoriy"]
[WhiteFideId "3512428"]
[BlackFideId "24125890"]
[WhiteElo "2477"]
[BlackElo "2667"]
[Result "1-0"]
[Round "05"]
[TimeControl "180+2"]
[Date "2023.01.31"]
[WhiteClock "0:00:09"]
[BlackClock "0:00:35"]

1. e4 c5 2. Nf3 d6 3. d4 cxd4 4. Nxd4 Nf6 5. Nc3 Nc6 6. Bc4 e5 7. Nf3 Be7 8. O-O O-O 9. h3 h6 10. Qe2 Be6 11. Rd1 Qc8 12. Bb3 Na5 13. Bd5 Nxd5 14. Nxd5 Bd8 15. b3 b6 16. c4 Nb7 17. Ne3 Bg5 18. Ba3 Bxe3 19. Qxe3 Rd8 20. Rd2 Qc7 21. Rad1 Rd7 22. Nh4 Rad8 23. Nf5 f6 24. Qg3 Bxf5 25. exf5 d5 26. Rxd5 Rxd5 27. Rxd5 Rxd5 28. cxd5 Qd7 29. Qd3 Nd6 30. Bxd6 Qxd6 31. Qc4 Kf7 32. b4 Ke7 33. a4 Qd7 34. Qc6 h5 35. Qe6+ Kd8 36. d6 Kc8 37. b5 e4 38. g4 h4 39. Kg2 Kd8 40. Qg8+ Qe8 41. Qxg7 Qd7 42. Qxf6+ Kc8 43. Qe6 1-0


[Site "https://www.chess.com"]

[Event "Titled Tuesday Blitz January 31 Early 2023"]
[White "Hasangatin, Ramil"]
[Black "Yeletsky, Ivan"]
[WhiteFideId "4122160"]
[BlackFideId "24180327"]
[WhiteElo "2457"]
[BlackElo "2494"]
[Result "0-1"]
[Round "05"]
[TimeControl "180+2"]
[Date "2023.01.31"]
[WhiteClock "0:00:01"]
[BlackClock "0:00:07"]

1. e4 e6 2. d3 d5 3. Qe2 Ne7 4. Nf3 c5 5. g3 Nbc6 6. Bg2 g6 7. O-O Bg7 8. Re1 O-O 9. e5 b6 10. h4 h6 11. Nbd2 a5 12. Nf1 a4 13. a3 Nf5 14. c3 Na5 15. Bf4 d4 16. c4 b5 17. g4 Ne7 18. cxb5 Rb8 19. N1d2 Nb3 20. Nxb3 axb3 21. a4 Bb7 22. Nd2 Bxg2 23. Kxg2 Nd5 24. Bg3 Nb4 25. Qe4 Nc2 26. Nxb3 Qe7 27. Na5 Ra8 28. Nc6 Qd7 29. a5 Rfc8 30. Rec1 Nxa1 31. Rxa1 Kh7 32. h5 Qb7 33. Nxd4 Qb8 34. Nf3 Qxb5 35. hxg6+ fxg6 36. Nh4 Qe8 37. a6 Rab8 38. a7 Ra8 39. Ra6 Qf7 40. f4 Re8 41. f5 exf5 42. gxf5 gxf5 43. Nxf5 Kh8 44. Nxh6 Qh5 45. Nf5 Rf8 46. Nxg7 Kxg7 47. Rf6 Rg8 48. Qb7+ Kh8 49. Rf4 Rxg3+ 50. Kxg3 Rg8+ 51. Kf2 Qh2+ 0-1


[Site "https://www.chess.com"]

[Event "Titled Tuesday Blitz January 31 Early 2023"]
[White "Csonka, Balazs"]
[Black "Ivic, Velimir"]
[WhiteFideId "742910"]
[BlackFideId "950122"]
[WhiteElo "2496"]
[BlackElo "2595"]
[Result "1-0"]
[Round "05"]
[TimeControl "180+2"]
[Date "2023.01.31"]
[WhiteClock "0:00:05"]
[BlackClock "0:01:24"]

1. d4 Nf6 2. c4 g6 3. Nc3 d5 4. cxd5 Nxd5 5. e4 Nxc3 6. bxc3 Bg7 7. Nf3 c5 8. Bb5+ Nc6 9. O-O O-O 10. Bxc6 bxc6 11. Qc2 cxd4 12. cxd4 Bg4 13. Ne5 Qxd4 14. Bb2 Qb6 15. Rab1 Bxe5 16. Bxe5 Qa5 17. Bc3 Qc5 18. Qb2 a5 19. Bd4 Qb4 20. Rfc1 Qxb2 21. Rxb2 Rfc8 22. Rb7 Rd8 23. Bc5 e5 24. Be7 Rd7 25. Rxd7 Bxd7 26. Bf6 a4 27. a3 Kf8 28. Bxe5 Ke7 29. Bd4 Rb8 30. Bc5+ Ke8 31. f3 Rb3 32. Bb4 f6 33. Rc5 Rb2 34. Ra5 Be6 35. Ra7 Bc4 36. Re7+ Kd8 37. Rxh7 Kc8 38. Be7 f5 39. exf5 gxf5 40. h4 f4 41. h5 Rb1+ 42. Kh2 Bd3 43. Rg7 Rb5 44. Bg5 c5 45. h6 c4 46. Bxf4 Kd8 47. g4 c3 48. h7 Bxh7 49. Rxh7 c2 50. Rc7 Rb2 51. Kg3 Ke8 52. Rc4 Kf7 53. Rxa4 Rb1 54. Rc4 Rg1+ 55. Kf2 Ra1 56. Rxc2 Rxa3 57. Re2 Kf6 58. Kg3 Ra1 59. Be3 Kg6 60. Bd4 Rd1 61. Re4 Rd2 62. Kf4 Rd3 63. Be3 Rd5 64. Re6+ Kf7 65. Re5 Rd8 66. Kf5 Rf8 67. f4 Kg7+ 68. Ke4 Ra8 69. f5 Ra1 70. Kf4 Rf1+ 71. Kg5 Kf7 72. Bc5 Rc1 73. Re7+ Kf8 74. Rc7+ Ke8 75. f6 Kd8 76. f7 Rf1 77. Ra7 Kc8 78. f8=Q+ 1-0


[Site "https://www.chess.com"]

[Event "Titled Tuesday Blitz January 31 Early 2023"]
[White "Gokerkan, Cem Kaan"]
[Black "Panesso Rivera, Henry"]
[WhiteFideId "6336760"]
[BlackFideId "4402707"]
[WhiteElo "2500"]
[BlackElo "2342"]
[Result "1-0"]
[Round "05"]
[TimeControl "180+2"]
[Date "2023.01.31"]
[WhiteClock "0:00:12"]
[BlackClock "0:00:12"]

1. e4 e5 2. Nc3 Nf6 3. g3 Bc5 4. Bg2 h5 5. d3 d6 6. h3 a6 7. Bg5 c6 8. Nge2 b5 9. O-O Qb6 10. a4 Bb7 11. a5 Qa7 12. Bxf6 gxf6 13. h4 Nd7 14. Bh3 Ke7 15. Kg2 Rag8 16. Qd2 Nf8 17. Rad1 Ng6 18. Kh2 Bxf2 19. d4 Bxd4 20. Nxd4 exd4 21. Ne2 c5 22. Nf4 Ne5 23. Qf2 Rh6 24. c3 dxc3 25. bxc3 Qb8 26. Nxh5 Rxh5 27. Qxf6+ Ke8 28. Rxd6 Rg6 29. Re6+ fxe6 30. Qf8+ Kd7 31. Qxb8 Bxe4 32. Rd1+ Bd3 33. Qb7+ Kd6 34. Qxa6+ Kd5 35. Qb7+ Kc4 36. a6 Nf3+ 37. Qxf3 1-0


[Site "https://www.chess.com"]

[Event "Titled Tuesday Blitz January 31 Early 2023"]
[White "Aggelis, Nikolaos"]
[Black "Kazakouski, Valery"]
[WhiteFideId "4213220"]
[BlackFideId "13507443"]
[WhiteElo "2270"]
[BlackElo "2539"]
[Result "0-1"]
[Round "05"]
[TimeControl "180+2"]
[Date "2023.01.31"]
[WhiteClock "0:00:11"]
[BlackClock "0:00:19"]

1. d4 Nf6 2. g3 c5 3. Nf3 cxd4 4. Nxd4 e5 5. Nb3 d5 6. Bg2 Nc6 7. O-O Be6 8. Bg5 Be7 9. f4 exf4 10. gxf4 O-O 11. f5 Bc8 12. Nc3 d4 13. Bxf6 Bxf6 14. Nd5 Be5 15. Qd3 Qd6 16. f6 g6 17. Qd2 Rd8 18. Qh6 Qf8 19. Qxf8+ Kxf8 20. Nc5 Bd6 21. Ne4 Be6 22. Nf4 Bf5 23. Nxd6 Rxd6 24. Rac1 Rxf6 25. c3 dxc3 26. Rxc3 Re8 27. Nd5 Rd6 28. e3 Kg7 29. Rf4 Be6 30. Nc7 Re7 31. Nxe6+ Rdxe6 32. Bxc6 bxc6 33. Kf2 Rd7 34. Ra4 Rd2+ 35. Kf3 Rxb2 36. Rxa7 Rxh2 37. a4 Ra2 38. a5 h5 39. Rc4 g5 40. e4 Ra3+ 41. Kf2 Re5 42. Rxc6 Raxa5 43. Rxa5 Rxa5 44. Ke3 Ra3+ 45. Kd4 Rf3 46. Rc5 Kg6 47. Rc8 h4 48. e5 h3 49. Ke4 Rf4+ 50. Ke3 h2 51. Rc1 Rh4 52. Rh1 Kf5 53. Kf3 Kxe5 54. Kg3 Kf5 0-1


[Site "https://www.chess.com"]

[Event "Titled Tuesday Blitz January 31 Early 2023"]
[White "Harsh Suresh"]
[Black "Jakubowski, Krzysztof"]
[WhiteFideId "45018464"]
[BlackFideId "1112848"]
[WhiteElo "2298"]
[BlackElo "2486"]
[Result "0-1"]
[Round "05"]
[TimeControl "180+2"]
[Date "2023.01.31"]
[WhiteClock "0:00:14"]
[BlackClock "0:01:11"]

1. e4 c5 2. Nc3 e6 3. f4 a6 4. Nf3 b5 5. d3 Nc6 6. Be2 d5 7. exd5 exd5 8. d4 Nf6 9. O-O cxd4 10. Nxd4 Bc5 11. Be3 Qb6 12. Ncxb5 axb5 13. Bxb5 Bd7 14. Bxc6 Bxc6 15. c3 Qxb2 16. Re1 Ne4 17. Rb1 Qxa2 18. Re2 Bxd4 19. Rxa2 Bxe3+ 20. Kf1 Rxa2 21. Rb8+ Ke7 22. Rxh8 Rf2+ 23. Ke1 Bd2+ 24. Qxd2 Rxd2 25. Rxh7 Rxg2 26. h4 Rg4 27. h5 Bd7 28. Ke2 Bf5 29. Rh8 Rxf4 30. Ke3 Rh4 31. Kd4 Be6 32. Ke5 f6+ 33. Kd4 Nd6+ 34. Kc5 Rc4+ 35. Kb6 Rxc3 36. h6 gxh6 37. Ka5 d4 38. Kb4 Rc8 39. Ka5 d3 40. Rh7+ Nf7 41. Kb6 d2 42. Kb7 d1=Q 43. Rxf7+ Kxf7 44. Ka7 Qa1+ 45. Kb6 Qb1+ 46. Ka7 Rc7+ 47. Ka6 Qb7+ 48. Ka5 Rc6 49. Ka4 Ra6# 0-1


[Site "https://www.chess.com"]

[Event "Titled Tuesday Blitz January 31 Early 2023"]
[White "Priasmoro, Novendra"]
[Black "Maksimovic, Bojan"]
[WhiteFideId "7105029"]
[BlackFideId "14408120"]
[WhiteElo "2504"]
[BlackElo "2486"]
[Result "1/2-1/2"]
[Round "05"]
[TimeControl "180+2"]
[Date "2023.01.31"]
[WhiteClock "0:00:18"]
[BlackClock "0:00:15"]

1. e4 c5 2. Nf3 e6 3. d4 cxd4 4. Nxd4 a6 5. Bd3 Bc5 6. Nb3 Ba7 7. Qe2 Nc6 8. Be3 Bb8 9. Nc3 Nge7 10. f4 O-O 11. O-O f5 12. Rad1 fxe4 13. Bxe4 Nf5 14. Bc5 Rf7 15. Bxc6 bxc6 16. Qxe6 d6 17. Qe2 a5 18. Qf2 a4 19. Nc1 a3 20. b4 Qf6 21. Ne4 Qe7 22. Ng5 dxc5 23. Rfe1 Qf8 24. Nxf7 cxb4 25. Rd8 Ba7 26. Rxf8+ Kxf8 27. Ne5 Bxf2+ 28. Kxf2 c5 29. Ncd3 Be6 30. Nxc5 Bxa2 31. Ned3 Bc4 32. Nxb4 a2 33. Ra1 Nd4 34. Ke3 Nb5 35. Nb3 Re8+ 36. Kd2 Re2+ 37. Kc1 Bxb3 38. cxb3 Nc3 39. Nc2 Rxg2 40. Kb2 Nd5 41. Rxa2 Rxh2 42. Ra8+ Kf7 43. Kc1 Nxf4 44. b4 Nd3+ 45. Kb1 Rh4 46. Rb8 g5 47. b5 g4 48. b6 Rh6 49. Ne3 g3 50. Kc2 Nf4 51. Nf5 Rg6 52. b7 g2 53. Rf8+ Kxf8 54. b8=Q+ Kf7 55. Qc7+ Kf6 56. Qxf4 g1=Q 57. Nh4+ Ke6 58. Qe4+ Kd6 59. Qb4+ Qc5+ 60. Qxc5+ Kxc5 61. Nxg6 hxg6 62. Kc3 Kd5 63. Kd3 Ke5 64. Ke3 Kf5 65. Kf3 Kg5 66. Kg3 Kh5 67. Kh3 g5 68. Kg3 g4 69. Kg2 Kh4 70. Kh2 g3+ 71. Kg2 Kg4 72. Kg1 Kf3 73. Kf1 Kf4 74. Kg2 Kg4 75. Kg1 Kh4 76. Kg2 Kh5 77. Kg1 Kg5 78. Kg2 Kf4 79. Kg1 Kf3 80. Kf1 g2+ 81. Kg1 Ke3 82. Kxg2 1/2-1/2


[Site "https://www.chess.com"]

[Event "Titled Tuesday Blitz January 31 Early 2023"]
[White "Bartel, Mateusz"]
[Black "Lamaze, Simon"]
[WhiteFideId "1112635"]
[BlackFideId "36069264"]
[WhiteElo "2609"]
[BlackElo "2363"]
[Result "1-0"]
[Round "05"]
[TimeControl "180+2"]
[Date "2023.01.31"]
[WhiteClock "0:00:54"]
[BlackClock "0:00:04"]

1. Nf3 g6 2. e4 d6 3. d4 Bg7 4. Nc3 a6 5. h3 h6 6. Be3 Nd7 7. a4 b6 8. Ne2 Bb7 9. Ng3 e6 10. Qd2 Ne7 11. Bd3 Kf8 12. c3 Kg8 13. h4 e5 14. h5 g5 15. Nh2 Nf6 16. f3 c5 17. dxe5 dxe5 18. Ng4 Nxg4 19. fxg4 Qd7 20. Qe2 Kh7 21. Rf1 f6 22. Bc4 Rhd8 23. Kf2 Bc6 24. Rfd1 Qe8 25. Rxd8 Rxd8 26. Bxa6 Bxa4 27. Bc4 Bc6 28. Ra7 Rd7 29. Ra6 Qd8 30. b4 Bb7 31. Ra4 Bf8 32. b5 Nc8 33. Be6 Rd6 34. Ba2 Rd7 35. Qc4 Bg7 36. Nf5 Nd6 37. Nxd6 Rxd6 38. Qf7 Qd7 39. Qxd7 Rxd7 40. Ra7 c4 41. Bxc4 Kh8 42. Bd5 Rxd5 43. exd5 Bxd5 44. Bxb6 f5 1-0


[Site "https://www.chess.com"]

[Event "Titled Tuesday Blitz January 31 Early 2023"]
[White "Mikaelyan, Arman"]
[Black "Lotfizadeh, Mehdi"]
[WhiteFideId "13304852"]
[BlackFideId "42513618"]
[WhiteElo "2523"]
[BlackElo "1529"]
[Result "1-0"]
[Round "05"]
[TimeControl "180+2"]
[Date "2023.01.31"]
[WhiteClock "0:00:05"]
[BlackClock "0:00:06"]

1. Nf3 c5 2. g3 b6 3. Bg2 Bb7 4. O-O g6 5. c4 Bg7 6. Nc3 Nf6 7. d4 cxd4 8. Nxd4 Bxg2 9. Kxg2 Nc6 10. b3 O-O 11. Bb2 Qc7 12. Rc1 Qb7 13. f3 Rfd8 14. e4 a6 15. a4 d6 16. Nxc6 Qxc6 17. Nd5 Qb7 18. Bxf6 Bxf6 19. Nxf6+ exf6 20. Qd4 Kg7 21. g4 h6 22. h4 g5 23. hxg5 hxg5 24. Rh1 Qe7 25. Rh3 Qe5 26. Qd2 Rh8 27. Qc3 Rxh3 28. Qxe5 fxe5 29. Kxh3 Kf6 30. Kg3 Ke6 31. Rh1 b5 32. cxb5 axb5 33. axb5 Rb8 34. Rb1 Rxb5 35. b4 d5 36. exd5+ Kxd5 37. Kf2 Kd4 38. Ke2 f6 39. Rd1+ Kc3 40. Rd6 Rxb4 41. Rxf6 e4 42. Rf5 exf3+ 43. Kxf3 Kd4 44. Rxg5 Rb1 45. Rg8 Rf1+ 46. Kg3 Ke5 47. Re8+ Kd6 48. Kh4 Kd7 49. Re3 Rh1+ 50. Kg5 Rh8 51. Re4 Kd6 52. Kf6 Kd5 53. Ra4 Rg8 54. g5 1-0


[Site "https://www.chess.com"]

[Event "Titled Tuesday Blitz January 31 Early 2023"]
[White "Bacrot, Etienne"]
[Black "Guliev, Logman"]
[WhiteFideId "605506"]
[BlackFideId "13400061"]
[WhiteElo "2667"]
[BlackElo "2250"]
[Result "1-0"]
[Round "05"]
[TimeControl "180+2"]
[Date "2023.01.31"]
[WhiteClock "0:00:08"]
[BlackClock "0:00:02"]

1. e4 c5 2. Nf3 d6 3. Bc4 e6 4. O-O Nf6 5. Re1 Be7 6. d4 cxd4 7. Nxd4 O-O 8. Nc3 a6 9. a4 Qc7 10. Bb3 Nc6 11. Be3 Bd7 12. h3 Na5 13. Ba2 Rac8 14. Qd3 Nc4 15. Bc1 Rfd8 16. Bb3 Be8 17. Qg3 Kh8 18. a5 Nh5 19. Qf3 Nf6 20. Qg3 Nh5 21. Qd3 Nf6 22. Bxc4 Qxc4 23. Be3 Qxd3 24. cxd3 d5 25. e5 Nd7 26. Nf3 Nc5 27. Rad1 Nb3 28. Bb6 Rd7 29. Na2 Bd8 30. Nd2 Nxa5 31. Bxd8 Rdxd8 32. Rc1 Nb3 33. Nxb3 Bb5 34. Rxc8 Rxc8 35. Rc1 Rc6 36. Rxc6 bxc6 37. Nc5 a5 38. f4 d4 39. Kf2 a4 40. Nc1 Kg8 41. Ne2 Kf8 42. Nxd4 1-0


[Site "https://www.chess.com"]

[Event "Titled Tuesday Blitz January 31 Early 2023"]
[White "Ordekalog"]
[Black "Fier, Alexandr"]
[BlackFideId "2107139"]
[WhiteElo "2589"]
[BlackElo "2589"]
[Result "0-1"]
[Round "05"]
[TimeControl "180+2"]
[Date "2023.01.31"]
[WhiteClock "0:00:19"]
[BlackClock "0:01:56"]

1. d4 Nf6 2. c4 c5 3. e3 cxd4 4. exd4 d5 5. Nc3 Nc6 6. Nf3 a6 7. cxd5 Nxd5 8. Bd3 Bg4 9. O-O e6 10. Be4 Nf6 11. Bxc6+ bxc6 12. h3 Bh5 13. g4 Bg6 14. Qa4 Qb6 15. Ne5 Rc8 16. Be3 Qb7 17. f4 h5 18. f5 exf5 19. gxf5 Bh7 20. Rae1 Be7 21. d5 O-O 22. Nxc6 Bd6 23. Bd4 Nxd5 24. Nxd5 Rxc6 25. Bxg7 Kxg7 26. Re2 Bc5+ 27. Kh1 Rd6 28. Rg2+ Kh8 29. Nf4 Rg8 30. Qc4 Rxg2 31. Nxg2 Qd5 32. Qc3+ Qd4 33. Qg3 Bxf5 34. Rxf5 Qg1# 0-1


[Site "https://www.chess.com"]

[Event "Titled Tuesday Blitz January 31 Early 2023"]
[White "Dubov, Daniil"]
[Black "Ashraf, Artin"]
[WhiteFideId "24126055"]
[BlackFideId "22514805"]
[WhiteElo "2708"]
[BlackElo "2314"]
[Result "1-0"]
[Round "05"]
[TimeControl "180+2"]
[Date "2023.01.31"]
[WhiteClock "0:00:23"]
[BlackClock "0:00:11"]

1. d4 Nf6 2. Nf3 e6 3. Bg5 h6 4. Bxf6 Qxf6 5. e4 d5 6. Nbd2 c5 7. Bb5+ Nc6 8. O-O cxd4 9. Re1 Be7 10. Qe2 a6 11. e5 Qf4 12. Bd3 Bd7 13. g3 Qg4 14. Kg2 Qh5 15. Nb3 O-O 16. Rad1 f6 17. exf6 Rxf6 18. Nfxd4 Qf7 19. f4 Rf8 20. Nxc6 Bxc6 21. Nd4 Bc5 22. Nxc6 bxc6 23. Qg4 a5 24. Re2 Kh8 25. Rde1 Bd6 26. Rxe6 Rb8 27. Rxf6 Qxf6 28. Re6 1-0


[Site "https://www.chess.com"]

[Event "Titled Tuesday Blitz January 31 Early 2023"]
[White "Martinez Ramirez, Lennis"]
[Black "Kozak, Adam"]
[WhiteFideId "3509079"]
[BlackFideId "753246"]
[WhiteElo "2426"]
[BlackElo "2572"]
[Result "0-1"]
[Round "05"]
[TimeControl "180+2"]
[Date "2023.01.31"]
[WhiteClock "0:01:44"]
[BlackClock "0:02:17"]

1. c4 e5 2. Nc3 Nf6 3. g3 c6 4. d4 exd4 5. Qxd4 d5 6. cxd5 cxd5 7. Bg5 Be7 8. Rd1 Be6 9. Bg2 Nc6 10. Qa4 O-O 11. Nf3 h6 12. Bf4 Qb6 13. Qb5 Ne4 14. Qxc6 bxc6 0-1


[Site "https://www.chess.com"]

[Event "Titled Tuesday Blitz January 31 Early 2023"]
[White "Bruzon Batista, Lazaro"]
[Black "Malek, Jan"]
[WhiteFideId "3503739"]
[BlackFideId "21864080"]
[WhiteElo "2611"]
[BlackElo "2370"]
[Result "1-0"]
[Round "05"]
[TimeControl "180+2"]
[Date "2023.01.31"]
[WhiteClock "0:00:05"]
[BlackClock "0:00:02"]

1. Nf3 d5 2. g3 Nc6 3. d4 Bf5 4. Bg2 e6 5. O-O Bd6 6. c4 dxc4 7. Nbd2 Nf6 8. Nxc4 O-O 9. Bg5 h6 10. Bxf6 Qxf6 11. Rc1 Rfd8 12. e3 Be4 13. Ncd2 Bd3 14. Re1 e5 15. Qb3 e4 16. Nh4 Re8 17. Nxe4 Bxe4 18. Bxe4 Rxe4 19. Qxb7 Rb8 20. Qxc6 Rxh4 21. gxh4 Rxb2 22. Rf1 Qxh4 23. Qg2 Rxa2 24. Kh1 a5 25. Ra1 Rxa1 26. Rxa1 Qh5 27. f4 a4 28. Qa8+ Kh7 29. Qe4+ f5 30. Qd5 a3 31. Rg1 Kh8 32. Qa8+ Kh7 33. Qg2 Qf7 34. e4 Bxf4 35. exf5 Be3 36. Qg6+ Kg8 37. Qxf7+ Kxf7 38. Ra1 Bxd4 39. Rxa3 Kf6 40. Ra4 Be5 41. Ra6+ Kxf5 42. Kg2 h5 43. h3 g5 44. Ra4 c5 45. Rc4 Bd6 46. Ra4 g4 47. Ra8 Ke4 48. Re8+ Kd5 49. Rh8 1-0


[Site "https://www.chess.com"]